 Dungeon Crawl Stone Soup version 0.32-a0-128-g77eb882913 (webtiles) character file.

Game seed: 12316175607997403825

1 Esekla the Sneak (level 1, 0/16 HPs)
             Began as an Octopode Delver on Feb 7, 2024.
             Slain by a hornet (7 damage)
             ... on level 5 of the Dungeon.
             The game lasted 00:02:46 (215 turns).

Esekla the Sneak (Octopode Delver)                   Turns: 215, Time: 00:02:46

Health: 0/16       AC:  1    Str: 11    XL:     1   Next: 20%
Magic:  1/1        EV: 13    Int: 12    God:
Gold:   35         SH:  0    Dex: 13    Spells: 0/0 levels left

rFire   . . .        a - +0 falchion
rCold   . . .        (no shield)
rNeg    . . .        (helmet restricted)
rPois   .            (no amulet)
rElec   .            (no ring)
rCorr   .            (no ring)
SInv    .            (no ring)
Will    .....        (no ring)
Stlth   ++++         (no ring)
HPRegen 0.22/turn    (no ring)
MPRegen 0.07/turn    (no ring)
                     (no ring)

%: no passive effects
@: lethally poisoned (0 -> -3), hasted, very quick
A: almost no armour, amphibious, 8 rings, camouflage 1, gelatinous body 1,
(nimble swimmer 1), tentacles
a: no special abilities


You were on level 5 of the Dungeon.
You visited 2 branches of the dungeon, and saw 2 of its levels.

You collected 35 gold pieces.

Inventory:

Hand Weapons
 a - a +0 falchion (weapon)
Wands
 f - a wand of digging (3)
Scrolls
 b - a scroll of fog
 c - a scroll of revelation


   Skills:
 * Level 3.0 Fighting
 + Level 2.0 Long Blades
 * Level 2.0 Dodging
 + Level 6.7 Stealth


You couldn't memorise any spells.
You didn't know any spells.
Your spell library was empty.

Dungeon Overview and Level Annotations

Branches:
Dungeon (5/15)             Temple (1/1) D:5

Altars:
Ashenzari
Cheibriados
Dithmenos
Elyvilon
Gozag
Kikubaaqudgha
Makhleb
Nemelex Xobeh
Okawaru
Sif Muna
Xom
Yredelemnul
Zin
The Shining One

Portals:
Abyss: D:5

Annotations:
D:5 2 transporters, Blork the orc; zenocrate's ghost, weakling KoDe


Innate Abilities, Weirdness & Mutations

You cannot wear most types of armour.
You are amphibious.
You can wear up to eight rings at the same time.
Your skin changes colour to match your surroundings (Stealth+).
Your rubbery body absorbs attacks. (AC +1, EV +1)
((You are camouflaged when in or above water. (Stealth+)))
You have tentacles for arms and can constrict up to eight enemies at once.


Message History

Found a transporter.
Found a transporter.
An orc comes into view. It is wielding a +0 club.
Found a smoky black potion and a scroll of fog.
The quokka bites you. x2
You hit the quokka.
You kill the quokka!
You start resting.
HP restored.
You start waiting.
A hornet comes into view.
The hornet buzzes angrily.
You feel yourself speed up.
There is a transporter landing site here.
Found 13 gold pieces.
Blork the orc comes into view.
He is wielding a +0 mace.
Blork the orc shouts!
You see here 13 gold pieces.
You now have 35 gold pieces (gained 13).
Blork the orc looks braver for a moment.
The hornet misses you. The hornet closely misses you.
The hornet completely misses you.
Blork the orc miscasts a cantrip.
Blork the orc gestures wildly while chanting.
Blork the orc seems to speed up.
Okay, then.
You aren't carrying any potions.
Unknown command.
The hornet attacks as it pursues you! The hornet stings you.
You are poisoned.
You feel yourself slow down.
You feel sick. The hornet closely misses you.
You feel sick.
You feel yourself speed up.
You feel sick. The hornet attacks as it pursues you!
The hornet closely misses you. The hornet barely misses you.
You feel sick. The hornet attacks as it pursues you! The hornet stings you!
You die...

..........#.........#
.....S. ...................#
...... ........#.........#
....# #.....#.........#
...### #...............#
.....###.............<.#
#.##..#.ß.####.........##
#.###......#.............
#.....ß.@.ß#.........©...
#.......y...........###..
##.....#.ß.#........##.###
.O..................#...#.#.
# #..##........>#.........##
^W# #
#............#..#.....# (#.
#...#####.####..#......##.#
#...# #.##....##.....J#.
#..># ..##.##o##....###.


You could see a hornet.

Vanquished Creatures
  A quokka (D:5)
1 creature vanquished.

Notes
Turn   | Place    | Note
-------+----------+-------------------------------------------
     0 | D:5      | Esekla the Octopode Delver began the quest for the Orb.
     0 | D:5      | Reached XP level 1. HP: 16/16 MP: 1/1
     1 | D:5      | Noticed a jelly
     6 | Temple   | Entered the Ecumenical Temple
    45 | D:5      | Noticed a hound
    45 | D:5      | Noticed an ogre
    68 | D:5      | Found a one-way gate to the infinite horrors of the Abyss.
    68 | D:5      | Noticed zenocrate's ghost (weakling KoDe)
    79 | D:5      | Found a transporter.
    88 | D:5      | Found a transporter.
    94 | D:5      | Noticed a small abomination
   175 | D:5      | Noticed a hornet
   197 | D:5      | Noticed Blork the orc
   215 | D:5      | Slain by a hornet

Illustrated notes

Levels and vault maps discovered:
D:5:      layout_rooms, minmay_temple_entry_statues_pillars,
          gammafunk_ghost_abyssal_escape, hangedman_abyss_or_decor_lesser_grid,
          minmay_hollow_rounded_squares, uniq_blork_the_orc
Temple:   nicolae_temple_superstar

Action                     || total
---------------------------++-------
  Melee: Falchion          ||     1
    Use: Scroll            ||     1
         Potion            ||     1
 Armour: Skin              ||     4
  Dodge: Dodged            ||     7

Table legend: (Time is in decaauts)
 A = Elapsed time spent in this place.
 B = Non-inter-level travel time spent in this place.
 C = Inter-level travel time spent in this place.
 D = Time resting spent in this place.
 E = Time spent auto-exploring this place.
 F = Levels seen in this place.
 G = Mean time per level.
                   A        B        C        D        E       F      G
               +--------+--------+--------+--------+--------+-----+--------+
         Total |    205 |    205 |      0 |     43 |      0 |   2 |  102.5 |
       Dungeon |    185 |    185 |      0 |     43 |      0 |   1 |  185.0 |
        Temple |     19 |     19 |      0 |      0 |      0 |   1 |   19.0 |
               +--------+--------+--------+--------+--------+-----+--------+

Top non-repeatable levels by time:
     D:5: 185 daAuts
  Temple: 19 daAuts
